 Dungeon Crawl Stone Soup version 0.26.1-11-gd32895ea62 (webtiles) character file.

Game seed: 18158593031320238896

651 Tirrikindir the Magician (level 7, -4/56 HPs)
             Began as a Demonspawn Hedge Wizard on June 11, 2021.
             Was a Follower of Vehumet.
             Slain by an ogre
             ... wielding a +0 giant spiked club
              (24 damage)
             ... on level 3 of the Dungeon on June 14, 2021.
             The game lasted 00:13:13 (4059 turns).

Tirrikindir the Magician (Demonspawn Hedge Wizard)  Turns: 4059, Time: 00:13:14

Health: -4/56      AC:  7    Str: 10    XL:     7   Next: 28%
Magic:  13/13      EV: 12    Int: 13    God:    Vehumet [*.....]
Gold:   161        SH:  0    Dex: 18    Spells: 11/14 levels left

rFire    + . .     SeeInvis .   w - +4 mace of Ojuts {vorpal, rElec rC+ Int-4 Dex+3}
rCold    + . .     Faith    .   (no shield)
rNeg     . . .     Spirit   .   g - +0 ring mail
rPois    .         Reflect  .   c - +0 hat
rElec    +         Harm     .   (no cloak)
rCorr    .         Rampage  .   (no gloves)
Will     .....                  i - +1 pair of boots
Stlth    +.........             (no amulet)
HPRegen  0.18/turn              n - ring of wizardry
MPRegen  0.13/turn              o - ring of protection from fire

@: no status effects
A: antennae 1, agile 1, powered by death 2, robust 1, spiny 2
a: Renounce Religion


You were on level 3 of the Dungeon.
You worshipped Vehumet.
Vehumet was aware of your devotion.
You visited 1 branch of the dungeon, and saw 4 of its levels.

You collected 161 gold pieces.

Inventory:

Hand Weapons
 j - a +2 short sword of venom
 p - a +2 whip of draining
 w - the +4 mace of Ojuts (weapon) {vorpal, rElec rC+ Int-4 Dex+3}
   (You found it on level 4 of the Dungeon)

   It inflicts extra damage upon your enemies.
   It affects your intelligence (-4).
   It affects your dexterity (+3).
   It protects you from cold.
   It insulates you from electricity.
Armour
 b - a +0 robe
 c - a +0 hat (worn)
 g - a +0 ring mail (worn)
 i - a +1 pair of boots (worn)
Jewellery
 h - an uncursed ring of ice
 n - a ring of wizardry (left hand)
 o - a ring of protection from fire (right hand)
 u - an uncursed ring of resist corrosion
Wands
 l - a wand of polymorph (8)
Scrolls
 a - a scroll of teleportation
 e - 2 scrolls of blinking
 r - a scroll of enchant armour
Potions
 d - a potion of haste
 f - 3 potions of cancellation
 k - a potion of resistance
 m - 2 potions of flight
 q - a potion of curing
 t - a potion of mutation
 v - a potion of heal wounds {unknown}
 x - a potion of brilliance {unknown}


   Skills:
 + Level 2.7 Fighting
 + Level 2.6 Armour
 + Level 3.2 Dodging
 - Level 1.7 Stealth
 + Level 4.1 Spellcasting
 * Level 4.1 Conjurations
 - Level 1.0 Summonings
 + Level 2.4 Translocations


You had 11 spell levels left.
You knew the following spells:

 Your Spells              Type           Power        Failure   Level
a - Magic Dart            Conj           52%          4%          1
b - Blink                 Tloc           N/A          12%         2

Your spell library contained the following spells:

 Spells                   Type           Power        Failure   Level
 Shock                    Conj/Air       32%          9%          1
 Call Imp                 Summ           5%           21%         2
 Conjure Flame            Conj/Fire      8%           26%         3
 Slow                     Hex            2%           28%         2
 Mephitic Cloud           Conj/Pois/Air  6%           32%         3


Dungeon Overview and Level Annotations

Branches:
Dungeon (4/15)
 Temple: D:4-7

Altars:
Makhleb
Trog
Vehumet


Innate Abilities, Weirdness & Mutations

You have a pair of small antennae on your head.
You regenerate health from kills.
You are mostly covered in sharp spines.
You are agile. (Dex +2)
You are robust. (+10% HP)


Message History

Grinder gestures at you. Pain shoots through your body!
You closely miss Grinder.
Grinder is severely wounded.
Grinder gestures at you.
You struggle to resist.
Grinder blinks!
There is an escape hatch in the ceiling here.
The ogre hits you with a +0 giant spiked club.
Grinder barely misses you. A mysterious force pulls you upwards.
The hatch slams shut behind you.
You barely miss Grinder.
Grinder is severely wounded.
Grinder is struck by your spines. Grinder hits you but does no damage.
The ogre is struck by your spines. The ogre closely misses you.
You sock Grinder!
You kill Grinder!
Vehumet accepts your kill. The ogre is struck by your spines.
The ogre hits you with a +0 giant spiked club!!
You die...

#.#....)......#..#
#...###.###.#.#..#
#....##.###.#....#
##.....#..).......##
#...................
#.........#..#..####
#...................
##..O).####.###.####
##@..## #.# #.#
##### #.# #.# # #.#
#.#### #.###.....
#...###### ###.# #
#.# # #.# # #.######


You could see an ogre.

Vanquished Creatures
  Grinder (D:3)
  Eustachio (D:4)
  An ogre (D:4)
  A bullfrog (D:3)
  A crimson imp (D:3)
  An orc priest (D:4)
  An iguana (D:4)
  An orc wizard (D:3)
  3 worker ants (D:4)
  5 adders
  3 gnolls (D:3)
  An adder skeleton (D:4)
  5 worms (D:3)
  A dart slug (D:2)
  3 leopard geckos
  11 orcs
  3 giant cockroaches
  12 goblins
  8 hobgoblins
  8 kobolds
  3 ball pythons
  12 bats
  9 frilled lizards
  4 rats
99 creatures vanquished.

Vanquished Creatures (others)
  8 plants (D:1)
8 creatures vanquished.

Grand Total: 107 creatures vanquished

Notes
Turn   | Place    | Note
-------+----------+-------------------------------------------
     0 | D:1      | Tirrikindir the Demonspawn Hedge Wizard began the quest for
                  | the Orb.
     0 | D:1      | Reached XP level 1. HP: 13/13 MP: 4/4
   197 | D:1      | Gained mutation: You regenerate a little health from kills.
                  | [demonic ancestry]
   197 | D:1      | Reached XP level 2. HP: 17/20 MP: 1/6
  1052 | D:1      | Reached skill level 1 in Fighting
  1218 | D:2      | Reached skill level 1 in Armour
  1218 | D:2      | Gained mutation: You regenerate health from kills. [demonic
                  | ancestry]
  1218 | D:2      | Reached XP level 3. HP: 11/26 MP: 7/7
  1926 | D:2      | Learned a level 2 spell: Blink
  2284 | D:3      | Reached skill level 1 in Translocations
  2284 | D:3      | Reached XP level 4. HP: 32/32 MP: 8/8
  2453 | D:3      | Found a radiant altar of Vehumet.
  2467 | D:3      | Became a worshipper of Vehumet
  2770 | D:3      | Gained mutation: You are partially covered in sharp spines.
                  | [demonic ancestry]
  2770 | D:3      | Reached XP level 5. HP: 38/38 MP: 8/10
  2846 | D:3      | Reached * piety under Vehumet
  2846 | D:3      | Offered knowledge of Shock by Vehumet.
  2862 | D:3      | Found a burning altar of Makhleb.
  3106 | D:3      | Gained mutation: You are robust. (+10% HP) [potion of
                  | mutation]
  3106 | D:3      | Gained mutation: You are agile. (Dex +2) [potion of
                  | mutation]
  3154 | D:3      | Gained mutation: You are mostly covered in sharp spines.
                  | [demonic ancestry]
  3154 | D:3      | Reached XP level 6. HP: 45/48 MP: 11/11
  3487 | D:4      | Got a dazzling mace
  3488 | D:4      | Identified the +4 mace of Ojuts {vorpal, rElec rC+ Int-4
                  | Dex+3} (You found it on level 4 of the Dungeon)
  3512 | D:4      | Noticed Eustachio
  3538 | D:4      | Killed Eustachio
  3738 | D:4      | Gained mutation: You have a pair of small antennae on your
                  | head. [demonic ancestry]
  3738 | D:4      | Reached XP level 7. HP: 47/56 MP: 5/13
  3844 | D:4      | Found a bloodstained altar of Trog.
  4039 | D:4      | Noticed Grinder
  4043 | D:4      | Paralysed by Grinder for 7 turns
  4059 | D:3      | Killed Grinder
  4059 | D:3      | Slain by an ogre

Illustrated notes

Levels and vault maps discovered:
D:1:      dpeg_arrival_round_c, layout_basic, minmay_lizard_king
D:2:      layout_loops_cross, hangedman_decor_growths
D:3:      minmay_wonky_spiral, layout_loops_ring, vehumet_crystals,
          makhleb_grotto_becter, kennysheep_generic_room_11
D:4:      layout_basic, kennysheep_mini, due_unseen_surprise, uniq_grinder,
          uniq_eustachio

Skill      XL: |  1  2  3  4  5  6 |
---------------+-------------------+-----
Dodging        | 2 3 |  3.2
Fighting       | 1 2 |  2.7
Armour         | 1 2 |  2.6
Translocations | 1 2 |  2.4
Conjurations   | 2 3 4 |  4.1
Spellcasting   | 4 |  4.1
Stealth        | |  1.7
Summonings     | |  1.0

Action                   |  1- 3 |  4- 6 |  7- 9 || total
-------------------------+-------+-------+-------++-------
Melee: Dagger            |    10 |       |       ||    10
       Short sword       |   103 |    21 |       ||   124
       Whip              |       |    86 |       ||    86
       Mace              |       |    18 |    13 ||    31
 Cast: Magic Dart        |    32 |    43 |    14 ||    89
       Blink             |       |     1 |       ||     1
  Use: Scroll            |     5 |     6 |     1 ||    12
       Potion            |     1 |     1 |       ||     2
 Stab: Sleeping          |     3 |       |       ||     3
Armor: Robe              |    29 |       |       ||    29
       Ring mail         |    10 |    78 |     7 ||    95
Dodge: Dodged            |    75 |   111 |     5 ||   191
